[Event "Team 45 45 League T34"]
[Site "Internet Chess Club"]
[Date "2007.08.05"]
[Round "3"]
[White "hewdondada"]
[Black "JohnnySP"]
[Result "1-0"]
[WhiteElo "1798"]
[BlackElo "1848"]
[Opening "Trompowsky attack (Ruth, Opocenský opening)"]
[ECO "A45"]
[Time "17:01:30"]
[TimeControl "2700+45"]

1. d4 Nf6 2. Bg5 e6 3. e4 Be7 4. Nd2 d5 5. e5 Nfd7 6. Be3 Bg5 7. f4 Bh4+ 8. g3
Be7 9. Qg4 g6 10. Bd3 c5 11. c3 Qb6 12. Rb1 Nc6 13. Ne2 cxd4 14. Nxd4 Nxd4 15.
cxd4 f5 16. Qe2 a6 17. Kf2 Nb8 18. Rhc1 Nc6 19. Nb3 Nb4 20. Ra1 Bd7 21. Nc5
Nxd3+ 22. Qxd3 Bb5 23. Qb3 Bxc5 24. Rxc5 Qd8 25. Rac1 Bc6 26. Bd2 Qd7 27. Ba5
Kf7 28. Bb6 h5 29. h4 Rhc8 30. Qc3 Ke8 31. a4 Kf7 32. b4 Qe8 33. Ke3 Kg8 34. b5
axb5 35. axb5 Bd7 36. Qb4 Rxc5 37. Rxc5 Rc8 38. Rxc8 Qxc8 39. Bc5 b6 40. Bxb6
Qc1+ 41. Qd2 Qg1+ 42. Qf2 Qb1 43. Bc5 Bxb5 44. Qd2 Qe4+ 45. Kf2 Qh1 46. Qe1 Qh2+
47. Ke3 Qg2 48. Bb6 Ba4 49. Bc5 Bc2 50. Qf2 Qe4+ 51. Kd2 Qd3+ 52. Kc1 Qd1+ 53.
Kb2 Qb1+ 54. Kc3 Qb3+ 55. Kd2 Bd3 56. Qe3 Qc2+ 57. Ke1 Be4 58. Kf1 Qd1+ 59. Kf2
Bd3 60. Qe1 Qc2+ 61. Ke3 Be4 62. Qe2 Qb3+ 63. Kf2 Kf7 64. Qe3 Qc4 65. Ke1 Ke8
66. Qa3 Qb5 67. Qa8+ Kf7 68. Qf8# {Black checkmated} 1-0

[Event "Team 45 45 League T34"]
[Site "Internet Chess Club"]
[Date "2007.08.05"]
[Round "3"]
[White "pokerram"]
[Black "primerpaso"]
[Result "0-1"]
[WhiteElo "1716"]
[BlackElo "1810"]
[Opening "Sicilian: Najdorf, 6.f4"]
[ECO "B93"]
[Time "15:54:10"]
[TimeControl "2700+45"]

1. e4 c5 2. Nf3 d6 3. d4 cxd4 4. Nxd4 Nf6 5. Nc3 a6 6. f4 e5 7. Nf3 Qc7 8. a4
Be6 9. fxe5 dxe5 10. Bd3 Bc5 11. h3 h6 12. Nh4 Nc6 13. Nf5 Bxf5 14. exf5 O-O-O
15. Bd2 e4 16. Nxe4 Nxe4 17. Qg4 Nf2 18. Qxg7 Rhe8+ 19. Kf1 Nxh1 20. Be1 Qf4+
{White resigns} 0-1

[Event "Team 45 45 League T34"]
[Site "Internet Chess Club"]
[Date "2007.08.04"]
[Round "3"]
[White "AlPearson"]
[Black "JustinZ"]
[Result "1-0"]
[WhiteElo "1492"]
[BlackElo "1243"]
[Opening "Ruy Lopez: exchange variation, 5.O-O"]
[ECO "C68"]
[Time "10:05:59"]
[TimeControl "2700+45"]

1. e4 e5 2. Nf3 Nc6 3. Bb5 a6 4. Bxc6 dxc6 5. O-O Nf6 6. Nxe5 Qd4 7. Nf3 Qb6 8.
d3 Be7 9. Nbd2 Bc5 10. Nb3 Bxf2+ 11. Rxf2 Ng4 12. Qe2 O-O 13. Bf4 Be6 14. Rf1
Nxf2 15. Be3 Nh3+ 16. gxh3 Qb5 17. Ng5 h6 18. Nxe6 fxe6 19. Qg4 Rxf1+ 20. Kxf1
Rf8+ 21. Ke2 Rf6 22. Bd4 e5 23. Bc3 Qb6 24. Bxe5 Qf2+ 25. Kd1 Qf3+ 26. Kd2 Qxg4
27. hxg4 Rg6 28. h3 h5 29. Bxc7 hxg4 30. hxg4 Rxg4 31. e5 Kf7 32. Nc5 Rg2+ 33.
Kc3 g5 34. Nxb7 g4 35. Nd8+ Ke7 36. Bb6 Re2 37. Nxc6+ Kd7 38. Nb8+ Ke6 39. Nc6
g3 40. Nd4+ {Black resigns} 1-0

[Event "Team 45 45 League T34"]
[Site "Internet Chess Club"]
[Date "2007.08.01"]
[Round "3"]
[White "nathesh"]
[Black "Zyme"]
[Result "1-0"]
[WhiteElo "1386"]
[BlackElo "1489"]
[Opening "French: advance, Nimzovich system"]
[ECO "C02"]
[Time "18:56:35"]
[TimeControl "2700+45"]

1. e4 e6 2. d4 d5 3. e5 c5 4. Nf3 cxd4 5. Nxd4 Nc6 6. Bb5 Bd7 7. Nc3 Nxe5 8. Bf4
Bxb5 9. Ncxb5 Nc6 10. Nc7+ Ke7 11. Nxa8 Nxd4 12. Qxd4 Qxa8 13. Qb4+ Ke8 14. Qb5+
Kd8 15. O-O-O Nf6 16. c4 Qc8 17. Bg5 h6 18. Bh4 g5 19. Bg3 Ne4 20. Kb1 Nd6 21.
Bxd6 Bxd6 22. cxd5 Ke7 23. dxe6 fxe6 24. Qd3 Qd7 25. Qd4 Rf8 26. Qg7+ Rf7 27.
Qxh6 Rxf2 28. Qxg5+ Ke8 29. Qh5+ Kd8 30. Qh4+ Kc7 31. Qxf2 Qh7+ 32. Qc2+ Qxc2+
33. Kxc2 e5 34. h4 {Black resigns} 1-0

[Event "Team 45 45 League T34"]
[Site "Internet Chess Club"]
[Date "2007.08.04"]
[Round "3"]
[White "conron"]
[Black "DaMelch"]
[Result "1-0"]
[WhiteElo "1205"]
[BlackElo "1240"]
[Opening "French: Burn variation"]
[ECO "C11"]
[Time "13:04:03"]
[TimeControl "2700+45"]

1. e4 e6 2. d4 d5 3. Nc3 Nf6 4. Bg5 dxe4 5. Nxe4 Be7 6. Nxf6+ gxf6 7. Bf4 Nc6 8.
Bb5 Bd7 9. Nf3 a6 10. Bc4 Rg8 11. g3 e5 12. dxe5 fxe5 13. Nxe5 Nxe5 14. Bxe5 Bc6
15. Qxd8+ Rxd8 16. O-O Bc5 17. Bxc7 Rd2 18. Rac1 Kd7 19. Bf4 Rd4 20. Bxf7 Rf8
21. Bh5 Rg8 22. Rcd1 {Black resigns} 1-0

[Event "Team 45 45 League T34"]
[Site "Internet Chess Club"]
[Date "2007.08.05"]
[Round "3"]
[White "jocooper"]
[Black "WannaB"]
[Result "1-0"]
[WhiteElo "1126"]
[BlackElo "1097"]
[Opening "Bogo-Indian defense, Nimzovich variation"]
[ECO "E11"]
[Time "21:04:41"]
[TimeControl "2700+45"]

1. d4 Nf6 2. Nf3 e6 3. c4 Bb4+ 4. Bd2 Qe7 5. c5 Bxd2+ 6. Nbxd2 Nc6 7. e3 b6 8.
a3 bxc5 9. dxc5 a5 10. Rc1 O-O 11. Bd3 Ba6 12. Bxa6 Rxa6 13. O-O d6 14. Nb3 Rb8
15. Qd3 Raa8 16. cxd6 cxd6 17. Rxc6 Rd8 18. Rfc1 e5 19. Rc7 Rd7 20. Rxd7 Qxd7
21. Nc5 dxc5 22. Qxd7 Nxd7 23. Rd1 Nf6 24. Nxe5 Rb8 25. h3 Rxb2 26. Rd8+ Ne8 27.
Rxe8# {Black checkmated} 1-0

[Event "Team 45 45 League T34"]
[Site "Internet Chess Club"]
[Date "2007.08.06"]
[Round "3"]
[White "strudel"]
[Black "Orforded"]
[Result "0-1"]
[WhiteElo "1501"]
[BlackElo "1311"]
[Opening "Ruy Lopez: 5.O-O"]
[ECO "C78"]
[Time "16:07:54"]
[TimeControl "2700+45"]

1. e4 e5 2. Nf3 Nc6 3. Bb5 a6 4. Ba4 Nf6 5. O-O Bd6 6. Bxc6 bxc6 7. d4 Nxe4 8.
dxe5 Bc5 9. Nd4 d5 10. exd6 Qxd6 11. c3 Bd7 12. Re1 f5 13. f3 O-O 14. fxe4 fxe4
15. Rxe4 Qg6 16. Re3 Bd6 17. g3 Rf6 18. Nd2 Raf8 19. Qc2 Qh6 20. Qb3+ Kh8 21.
Rf3 Rxf3 22. N2xf3 Qg6 23. Kg2 c5 24. Ne2 Qd3 25. Neg1 Bc6 26. Bf4 Bxf4 27. gxf4
h6 28. Qd1 Qg6+ 29. Kf2 Rxf4 30. Qd8+ Kh7 31. Qxc7 Rf7 32. Qe5 Rf5 33. Qg3 Qe6
34. Re1 Qxa2 35. Re2 Bb5 36. Rd2 Rf7 37. Kg2 Rf6 38. Ne5 Bf1+ 39. Kh1 Qb3 40. c4
Qb7+ 41. Nef3 Bxc4 42. Rf2 Rg6 43. Qxg6+ Kxg6 44. Kg2 Bd5 45. Kg3 Qc7+ 46. Kg2
h5 47. Kf1 Bc4+ 48. Kg2 Qc6 49. Kg3 Qd6+ 50. Kg2 Qf4 51. Ne2 Qg4+ 52. Ng3 Bd5
53. h3 Qg5 54. Kh2 Qf4 55. Kg2 h4 56. Nf1 Bc4 57. N1d2 Qg3+ {White resigns} 0-1

[Event "Team 45 45 League T34"]
[Site "Internet Chess Club"]
[Date "2007.08.03"]
[Round "3"]
[White "Chesnut"]
[Black "beerss"]
[Result "0-1"]
[WhiteElo "1236"]
[BlackElo "1404"]
[Opening "QGD: exchange, positional line"]
[ECO "D35"]
[Time "20:04:26"]
[TimeControl "2700+45"]

1. d4 d5 2. c4 e6 3. cxd5 exd5 4. Nc3 Nf6 5. Bg5 Be7 6. Nf3 O-O 7. e3 Be6 8. Bd3
Nc6 9. Qc2 Nb4 10. Qb1 Nxd3+ 11. Qxd3 c6 12. Na4 Ne4 13. Bxe7 Qxe7 14. Rc1 Qb4+
15. Ke2 Qxa4 16. a3 Qa5 17. Rc5 Nxc5 18. dxc5 Qxc5 19. Ng5 g6 20. b4 Qe7 21. f4
Bf5 22. e4 dxe4 23. Qe3 a6 24. g4 Bxg4+ {White resigns} 0-1

[Event "Team 45 45 League T34"]
[Site "Internet Chess Club"]
[Date "2007.08.04"]
[Round "3"]
[White "Russ"]
[Black "havertown"]
[Result "0-1"]
[WhiteElo "1245"]
[BlackElo "1214"]
[Opening "Queen's pawn game"]
[ECO "E10"]
[Time "10:01:07"]
[TimeControl "2700+45"]

1. d4 Nf6 2. c4 e6 3. Nf3 c5 4. Bg5 h6 5. Bh4 Qa5+ 6. Nbd2 Be7 7. e3 O-O 8. Bd3
Nc6 9. O-O cxd4 10. exd4 d5 11. c5 Qc7 12. Re1 Nb4 13. Bb5 a6 14. Bf1 b6 15. Nb3
bxc5 16. dxc5 Re8 17. a3 Nc6 18. Rc1 Ne4 19. Bxe7 Nxe7 20. Qd4 Rb8 21. Nbd2 Nf5
22. Qe5 Qxe5 23. Nxe5 Nxd2 24. Rc2 Nxf1 25. Kxf1 Nd4 26. Rd2 Nb3 27. Rc2 Rb5 28.
Nd3 a5 29. Kg1 Ba6 30. c6 Rc8 31. Ne5 Nd4 32. Rd2 Nxc6 33. Nf3 Rcb8 34. Rc2 R8b6
35. Rb1 Rb3 36. Rbc1 Rxb2 37. Rxb2 Rxb2 38. g3 Be2 39. Ne1 Nd4 40. Ng2 Bf3 41.
Ne3 Ne2+ {White resigns} 0-1

[Event "Team 45 45 League T34"]
[Site "Internet Chess Club"]
[Date "2007.08.06"]
[Round "3"]
[White "rshea11"]
[Black "king4aknight"]
[Result "1-0"]
[WhiteElo "1226"]
[BlackElo "945"]
[Opening "Owen defense"]
[ECO "B00"]
[Time "22:00:38"]
[TimeControl "2700+45"]

1. e4 b6 2. d4 Nc6 3. Nf3 Nf6 4. Nc3 e6 5. Be2 Be7 6. O-O O-O 7. Bf4 Nh5 8. Qd2
Nb4 9. Rac1 h6 10. Nb5 Nxf4 11. Qxf4 d6 12. a3 Bg5 13. Nxg5 hxg5 14. Qg3 Nc6 15.
Rcd1 a6 16. Nc3 Qf6 17. d5 Nd4 18. Bd3 e5 19. Rd2 g4 20. Nd1 c5 21. dxc6 Nxc6
22. Ne3 Qg5 23. Rfd1 Nd4 24. Be2 Bb7 25. Nxg4 Bxe4 26. c3 Nb3 27. Rxd6 Rad8 28.
Rxd8 Rxd8 29. Rxd8+ Qxd8 30. Nxe5 Nc1 31. Qe3 Qd5 32. Qxc1 Qxe5 33. Bxa6 Qd5 34.
c4 Qa5 35. Bb5 Qa8 36. f3 Bf5 37. Qf4 Bg6 38. a4 Qa5 39. Qe3 Qb4 40. Qc3 Qe7 41.
a5 Qc5+ 42. Kf1 Qd6 43. g3 Qd1+ 44. Qe1 Bd3+ 45. Kf2 Qc2+ 46. Ke3 Bg6 47. Qd2
Qf5 48. axb6 Qe6+ 49. Kf2 Qxb6+ 50. Qe3 Qf6 51. b4 Qb2+ 52. Qe2 Qxb4 53. h4 Qc3
54. g4 Qf6 55. h5 Qh4+ 56. Ke3 Qg5+ 57. f4 Qe7+ 58. Kf2 Qc5+ 59. Qe3 Qxe3+ 60.
Kxe3 Bb1 61. Kd4 Ba2 62. c5 Kf8 63. c6 Be6 64. g5 Bf5 65. Ke5 Bc8 66. Kd6 Kg8
67. c7 Kh7 68. Bd7 Bb7 69. f5 g6 70. hxg6+ fxg6 71. f6 Kg8 72. c8=Q+ Bxc8 73.
Bxc8 Kf8 74. f7 Kxf7 75. Be6+ Kf8 76. Ke5 Ke7 77. Bf5 Kf7 78. Bxg6+ Kxg6 79. Kf4
Kg7 80. Kf5 Kg8 81. Kf6 Kh7 82. Kf7 Kh8 83. Kf6 Kh7 84. g6+ Kg8 85. g7 Kh7 86.
Kf7 Kh6 87. g8=Q Kh5 88. Kf6 Kh4 89. Kf5 Kh5 90. Qg5# {Black checkmated} 1-0

[Event "Team 45 45 League T34"]
[Site "Internet Chess Club"]
[Date "2007.08.04"]
[Round "3"]
[White "RD1974"]
[Black "Theodulf"]
[Result "0-1"]
[WhiteElo "1613"]
[BlackElo "1676"]
[Opening "Bishop's opening: Berlin defense"]
[ECO "C24"]
[Time "17:02:32"]
[TimeControl "2700+45"]

1. e4 e5 2. Bc4 Nf6 3. d3 c6 4. Nf3 d5 5. Bb3 Bb4+ 6. c3 Bd6 7. exd5 cxd5 8. O-O
Nc6 9. Bg5 Be6 10. Re1 O-O 11. Ba4 Qc7 12. Qe2 e4 13. Nd4 Nxd4 14. cxd4 Bxh2+
15. Kh1 Bf4 16. Bxf6 gxf6 17. dxe4 dxe4 18. Qxe4 Qa5 19. Nc3 Qh5+ 20. Kg1 Qh2+
21. Kf1 Bc4+ 22. Ne2 Qh1# {White checkmated} 0-1

[Event "Team 45 45 League T34"]
[Site "Internet Chess Club"]
[Date "2007.08.06"]
[Round "3"]
[White "Gomer"]
[Black "ltcdi"]
[Result "0-1"]
[WhiteElo "1189"]
[BlackElo "1460"]
[Opening "Sicilian: closed, 2...Nc6"]
[ECO "B23"]
[Time "23:15:29"]
[TimeControl "2700+45"]

1. e4 c5 2. Nc3 Nc6 3. d3 g6 4. Nf3 Bg7 5. Bf4 d6 6. Qd2 Nf6 7. h3 O-O 8. Bh6
Be6 9. Bxg7 Kxg7 10. Ng5 Bd7 11. O-O-O Qa5 12. Kb1 b5 13. Nd5 Qxd2 14. Rxd2 Nxd5
15. exd5 Nb4 16. Re2 Rfe8 17. g4 h6 18. Ne4 Nxd5 19. Bg2 Nf4 20. Nxd6 Nxe2 21.
Bxa8 exd6 22. Be4 Nf4 23. h4 d5 24. Bf3 Bc6 25. g5 h5 26. a3 Re6 27. c4 bxc4 28.
dxc4 d4 29. Bxc6 Rxc6 30. Re1 Re6 31. Rc1 Re2 32. b4 cxb4 33. axb4 Nd3 34. Rd1
Re1 35. Rxe1 Nxe1 36. c5 Kf8 37. Kc1 Nd3+ 38. Kd2 Nxb4 39. f4 Ke7 40. Kc1 Ke6
41. Kb2 Kd5 42. c6 Nxc6 43. Kc2 Ke4 {White resigns} 0-1

[Event "Team 45 45 League T34"]
[Site "Internet Chess Club"]
[Date "2007.08.02"]
[Round "3"]
[White "GolfSuper"]
[Black "GrandPoobah069"]
[Result "1-0"]
[WhiteElo "1636"]
[BlackElo "1634"]
[Opening "Sicilian: Najdorf"]
[ECO "B90"]
[Time "18:16:53"]
[TimeControl "2700+45"]

1. e4 c5 2. Nf3 d6 3. d4 cxd4 4. Nxd4 Nf6 5. Nc3 a6 6. f3 e5 7. Nb3 Be7 8. Be3
Be6 9. Qd2 O-O 10. g4 d5 11. O-O-O d4 12. Nxd4 exd4 13. Bxd4 b5 14. Kb1 b4 15.
Ne2 Qa5 16. b3 Rd8 17. Qe3 Nc6 18. Bg2 Nxd4 19. Nxd4 Qb6 20. Rd3 Bc5 21. Rhd1 a5
22. Qd2 Rd7 23. Nxe6 Rxd3 24. Qxd3 Qxe6 25. Bf1 a4 26. Qc4 Qxc4 27. Bxc4 Kf8 28.
h3 Ke7 29. Rd3 Nd7 30. Bxf7 Ne5 31. Rd5 Nxf7 32. Rxc5 axb3 33. axb3 Rb8 34. f4
Rb7 35. e5 g6 36. Kb2 Nh6 37. c3 bxc3+ 38. Kxc3 Kd7 39. b4 Rc7 40. Rxc7+ Kxc7
41. Kd4 Ng8 42. Kc5 Ne7 43. b5 Nc8 44. f5 gxf5 45. gxf5 Ne7 46. f6 Ng6 47. e6
Kd8 48. b6 Nf4 49. e7+ Kd7 50. b7 Ne6+ 51. Kb6 Nc7 52. b8=Q Nd5+ 53. Kc5 Nxf6
54. Qd6+ {Black resigns} 1-0

[Event "Team 45 45 League T34"]
[Site "Internet Chess Club"]
[Date "2007.08.04"]
[Round "3"]
[White "IronWill"]
[Black "PawnSensei"]
[Result "1-0"]
[WhiteElo "1563"]
[BlackElo "1478"]
[Opening "French: classical"]
[ECO "C13"]
[Time "21:02:23"]
[TimeControl "2700+45"]

1. d4 d5 2. Nc3 Nf6 3. e4 e6 4. Bg5 Be7 5. Bd3 Nxe4 6. Bxe7 Nxc3 7. Bxd8 Nxd1 8.
Bxc7 Nxb2 9. Bb5+ Ke7 10. Rb1 a6 11. Bxb8 axb5 12. Rxb2 Rxb8 13. Rxb5 b6 14. Nf3
Ba6 15. Rb2 Rhc8 16. Kd2 Rc7 17. Rhb1 Rbc8 18. Ne1 Rc6 19. Rxb6 Bc4 20. Rxc6
Rxc6 21. Rb7+ Kf6 22. a4 Ra6 23. Rb4 Ra7 24. Nd3 Bxd3 25. Kxd3 Kf5 26. c4 dxc4+
27. Kxc4 Ke4 28. Kb5 Rb7+ 29. Kc5 Rxb4 30. Kxb4 Kxd4 31. Kb5 e5 32. a5 e4 33. a6
f5 34. a7 f4 35. a8=Q e3 36. Qa7+ Kd3 37. fxe3 fxe3 38. Qd7+ Ke2 39. Kc4 Kf2 40.
Qd4 g5 41. Kd3 g4 42. Qxg4 e2 43. Qxe2+ Kg1 44. Ke3 {Black resigns} 1-0

[Event "Team 45 45 League T34"]
[Site "Internet Chess Club"]
[Date "2007.08.06"]
[Round "3"]
[White "strudel"]
[Black "Russ"]
[Result "1-0"]
[WhiteElo "1527"]
[BlackElo "1240"]
[Opening "Sicilian: Najdorf, 7...Be7"]
[ECO "B98"]
[Time "10:04:18"]
[TimeControl "2700+45"]

1. e4 c5 2. Nf3 d6 3. d4 cxd4 4. Nxd4 Nf6 5. Nc3 a6 6. Bg5 e6 7. f4 Be7 8. Qf3
O-O 9. O-O-O Qc7 10. g4 Nc6 11. Nxc6 bxc6 12. f5 e5 13. h4 Rb8 14. b3 h6 15.
Bxf6 Bxf6 16. g5 hxg5 17. hxg5 Bxg5+ 18. Kb2 f6 19. Bc4+ d5 20. exd5 Bh6 21. d6+
{Black resigns} 1-0

[Event "Team 45 45 League T34"]
[Site "Internet Chess Club"]
[Date "2007.08.07"]
[Round "3"]
[White "seldredg"]
[Black "oldsj"]
[Result "0-1"]
[WhiteElo "1378"]
[BlackElo "1492"]
[Opening "English, 1...Nf6 (Anglo-Indian defense)"]
[ECO "A15"]
[Time "20:00:59"]
[TimeControl "2700+45"]

1. c4 Nf6 2. g3 g6 3. Bg2 Bg7 4. Nc3 d6 5. d4 O-O 6. h3 e5 7. d5 Nbd7 8. e4 a5
9. Nge2 Nc5 10. a4 Nh5 11. g4 Nf6 12. Ng3 Bd7 13. Be3 b6 14. Ra3 Na6 15. Qd2 Nb4
16. O-O Rc8 17. Bh6 Bxh6 18. Qxh6 Nc2 19. Ra2 Nb4 20. Ra3 Nd3 21. Qd2 Nf4 22.
Nce2 Nxg2 23. Kxg2 c6 24. f4 cxd5 25. fxe5 Nxe4 26. Nxe4 dxe4 27. exd6 Rxc4 28.
Rc1 Bc6 29. Qe3 Rxc1 30. Nxc1 Qxd6 31. Ne2 f5 32. Qf4 Qxf4 33. Nxf4 fxg4 34. Kg3
gxh3 35. Nxh3 Rf3+ 36. Kg2 Rxa3 37. bxa3 h6 38. Nf4 Kf7 39. Kf2 Kf6 40. Ke3 g5
41. Ne2 Ke5 42. Ng3 Bd5 43. Nh5 Bf7 44. Ng3 Bd5 45. Ne2 h5 46. Nc3 g4 47. Nd1 h4
48. Nf2 g3 49. Ng4+ Kf5 50. Nh6+ Kg5 51. Nf7+ Bxf7 52. Ke2 h3 53. Kf1 Kf4 54.
Kg1 Kf3 55. Kf1 e3 56. Kg1 e2 57. Kh1 e1=Q# {White checkmated} 0-1

[Event "Team 45 45 League T34"]
[Site "Internet Chess Club"]
[Date "2007.08.05"]
[Round "3"]
[White "EyeAm"]
[Black "thalamus"]
[Result "1/2-1/2"]
[WhiteElo "1380"]
[BlackElo "1377"]
[Opening "Scandinavian: Pytel-Wade variation"]
[ECO "B01"]
[Time "14:16:32"]
[TimeControl "2700+45"]

1. e4 d5 2. exd5 Qxd5 3. Nc3 Qd6 4. d4 Nf6 5. Nf3 a6 6. Be2 b5 7. O-O Bb7 8. Ne5
e6 9. Bg5 Be7 10. Qd3 O-O 11. Bf3 Nd5 12. Bxe7 Qxe7 13. Nxd5 exd5 14. Rfe1 Qd6
15. c3 Nd7 16. Nxd7 Qxd7 17. Re2 a5 18. b3 Ra6 19. Rae1 Re6 20. Bg4 Rxe2 21.
Qxe2 Qc6 22. Qd2 Bc8 23. Bxc8 Rxc8 24. Re7 Re8 25. Rxe8+ Qxe8 26. Qe3 Qe4 27.
Qxe4 dxe4 28. Kf1 f5 29. Ke2 Kf7 30. h4 Ke6 31. c4 c6 32. Ke3 b4 33. f3 exf3 34.
gxf3 h6 35. f4 h5 36. Kf3 Kd6 37. Ke3 c5 38. d5 g6 39. Kf3 Kd7 {Game drawn by
mutual agreement} 1/2-1/2

[Event "Team 45 45 League T34"]
[Site "Internet Chess Club"]
[Date "2007.08.06"]
[Round "3"]
[White "moreffee"]
[Black "Cataclysm"]
[Result "0-1"]
[WhiteElo "1252"]
[BlackElo "1386"]
[Opening "English opening"]
[ECO "A05"]
[Time "14:00:44"]
[TimeControl "2700+45"]

1. Nf3 Nf6 2. c4 g6 3. b3 Bg7 4. Bb2 O-O 5. Nc3 d6 6. e3 Bg4 7. Be2 Ne4 8. Qc2
Nxc3 9. Bxc3 Bxc3 10. Qxc3 c5 11. h3 Bf5 12. Bd3 Bxd3 13. Qxd3 Nc6 14. O-O Ne5
15. Nxe5 dxe5 16. Qc3 Qc7 17. Rad1 e4 18. d4 exd3 19. Rxd3 Rad8 20. Rfd1 Rd6 21.
Rxd6 exd6 22. Rd5 Re8 23. Qd2 Re6 24. e4 f6 25. f4 Qe7 26. f5 Rxe4 27. Rxd6 Re1+
28. Kh2 Qe5+ 29. g3 Re2+ {White resigns} 0-1

[Event "Team 45 45 League T34"]
[Site "Internet Chess Club"]
[Date "2007.08.03"]
[Round "3"]
[White "IconoJett"]
[Black "gilalva"]
[Result "1-0"]
[WhiteElo "1041"]
[BlackElo "1160"]
[Opening "Ruy Lopez: classical defense, Benelux variation"]
[ECO "C65"]
[Time "15:08:42"]
[TimeControl "2700+45"]

1. e4 e5 2. Nf3 Nc6 3. Bb5 Nf6 4. O-O Bc5 5. c3 O-O 6. d4 Bb6 7. d5 Nb8 8. Nbd2
c6 9. Bd3 cxd5 10. exd5 d6 11. c4 Bg4 12. Ne4 Nxe4 13. Bxe4 f5 14. Bc2 e4 15.
Bg5 Qxg5 16. Nxg5 Bxd1 17. Raxd1 e3 18. fxe3 Bxe3+ 19. Kh1 Bxg5 20. Bxf5 Kh8 21.
Rd3 Na6 22. Rh3 h6 23. Rh5 Rf6 24. h4 g6 25. hxg5 Rxf5 26. Rxf5 gxh5 27. gxh6
Rg8 28. Rxh5 Kh7 29. Kh2 Rg6 30. a3 Rxh6 31. Rxh6+ Kxh6 32. b4 Nc7 33. Kh3 a6
34. a4 b6 35. Kh4 Kg6 36. g4 b5 37. axb5 axb5 38. cxb5 Nxb5 39. g5 Nc3 40. b5
Nxd5 41. Kg4 Nb6 42. Kf4 d5 43. Ke3 Kxg5 44. Kd4 Kf5 45. Kc5 Ke5 46. Kxb6 d4 47.
Kc5 d3 48. b6 d2 49. b7 d1=Q 50. b8=Q+ Ke4 51. Qe8+ Kf3 52. Qh5+ Kf2 53. Qxd1
{Black resigns} 1-0

[Event "Team 45 45 League T34"]
[Site "Internet Chess Club"]
[Date "2007.08.01"]
[Round "3"]
[White "hotzoddy"]
[Black "curtintime"]
[Result "0-1"]
[WhiteElo "1334"]
[BlackElo "1401"]
[Opening "Petrov three knights game"]
[ECO "C26"]
[Time "23:03:29"]
[TimeControl "2700+45"]

1. e4 e5 2. Nc3 Nf6 3. Nf3 Bc5 4. Be2 Nc6 5. O-O d5 6. exd5 Nxd5 7. Nxd5 Qxd5 8.
a3 a5 9. d3 O-O 10. c4 Qd8 11. Bg5 f6 12. Be3 Bxe3 13. fxe3 Ne7 14. d4 Nf5 15.
Qd2 exd4 16. Nxd4 c5 17. Bd3 Nxd4 18. exd4 Qxd4+ 19. Kh1 Be6 20. b3 Rfd8 21.
Bxh7+ Kxh7 22. Qe2 Bg4 23. Qc2+ Qd3 24. Qxd3+ Rxd3 25. h3 Be6 26. Rab1 a4 27.
Rfe1 Bc8 28. b4 Rxa3 29. bxc5 Ra5 30. Re4 Rxc5 31. Rh4+ Kg8 32. Rd1 Be6 33. Rd8+
Kf7 34. Rb8 Rb3 35. Ra8 a3 36. Ra7 Rxc4 37. Rxc4 Bxc4 38. Kh2 Rb6 39. Rxa3 Rb2
40. Re3 Bd5 41. Rg3 b5 42. h4 b4 43. h5 b3 44. Kh3 Bxg2+ 45. Kh4 Bd5 46. Rc3 Rc2
47. Rd3 Be4 48. Rd7+ Kg8 49. Re7 Re2 50. Rc7 b2 51. Rc8+ Kh7 52. Rb8 b1=Q 53.
Rxb1 Bxb1 54. Kg4 {White resigns} 0-1

[Event "Team 45 45 League T34"]
[Site "Internet Chess Club"]
[Date "2007.08.06"]
[Round "3"]
[White "slakkjaw"]
[Black "Fidelian"]
[Result "0-1"]
[WhiteElo "1220"]
[BlackElo "1323"]
[Opening "QGD: 4.Nf3"]
[ECO "D37"]
[Time "20:44:22"]
[TimeControl "2700+45"]

1. d4 d5 2. c4 Nf6 3. Nc3 e6 4. Nf3 Nbd7 5. Bf4 a6 6. e3 Nh5 7. Be2 Nxf4 8. exf4
g6 9. O-O Nf6 10. Re1 Bg7 11. cxd5 Nxd5 12. Nxd5 Qxd5 13. Rc1 O-O 14. Bc4 Qd7
15. b3 b5 16. Be2 Bb7 17. Ne5 Qd6 18. Bf3 Bxf3 19. Qxf3 Qxd4 20. Rcd1 Qa7 21.
Nc6 Qc5 22. Rc1 Qa3 23. Ne7+ Qxe7 24. f5 Qa3 25. Qe3 exf5 26. Rxc7 Qxa2 27. Re7
Qb2 28. Re2 Qa3 29. g3 Rad8 30. Qb6 Qxb3 31. Qxa6 Rd1+ 32. Kg2 Qd5+ 33. f3 Rd2
34. Rxd2 Qxd2+ 35. Kh3 Qd3 36. Qa2 Qxf3 37. Rxf7 Rxf7 38. Qa8+ Qxa8 {White
resigns} 0-1

[Event "Team 45 45 League T34"]
[Site "Internet Chess Club"]
[Date "2007.08.06"]
[Round "3"]
[White "uipawn"]
[Black "Prop"]
[Result "1/2-1/2"]
[WhiteElo "1230"]
[BlackElo "1254"]
[Opening "King's pawn game"]
[ECO "C44"]
[Time "20:06:28"]
[TimeControl "2700+45"]

1. e4 e5 2. Nf3 Nc6 3. d3 Nf6 4. Bg5 Be7 5. Nbd2 O-O 6. Be2 d5 7. a3 Re8 8. c3
d4 9. cxd4 exd4 10. O-O Ng4 11. Bxe7 Qxe7 12. Nb3 Qd6 13. h3 Nge5 14. Nbd2 b6
15. Nxe5 Nxe5 16. Nf3 Ba6 17. Nxe5 Qxe5 18. Qa4 Bb5 19. Qd1 c5 20. a4 Bd7 21.
Bg4 Bc6 22. Re1 a6 23. b3 Rad8 24. Qf3 Bd7 25. Bxd7 Rxd7 26. Qg4 Rd6 27. Qg3 Rg6
28. Qxe5 Rxe5 29. f3 Rc6 30. Rac1 g6 31. g4 h5 32. Re2 hxg4 33. hxg4 f5 34. gxf5
gxf5 35. Rg2+ Kf7 36. Kf2 fxe4 37. fxe4 Rf6+ 38. Ke2 b5 39. Rf1 Rxf1 40. Kxf1 c4
41. axb5 axb5 42. Rf2+ Ke6 43. bxc4 bxc4 44. dxc4 Rxe4 45. Re2 Rxe2 46. Kxe2 Kd6
47. Kd2 Ke5 48. Kd3 Kd6 49. Kxd4 Kc6 50. c5 Kc7 51. Kd5 Kd7 52. Ke5 Kc6 53. Kd4
Kc7 54. Kc4 Kc6 55. Kd4 Kc7 56. Kd5 Kd7 57. Kc4 Kc6 58. Kb4 Kc7 59. Kb5 Kb7 60.
c6+ Kc7 61. Kc5 Kc8 62. Kd6 Kd8 63. c7+ Kc8 64. Kc6 {Black stalemated} 1/2-1/2

[Event "Team 45 45 League T34"]
[Site "Internet Chess Club"]
[Date "2007.08.06"]
[Round "3"]
[White "BosqueVerde"]
[Black "stillday"]
[Result "1-0"]
[WhiteElo "1205"]
[BlackElo "941"]
[Opening "QGA: 3.e4"]
[ECO "D20"]
[Time "14:59:15"]
[TimeControl "2700+45"]

1. d4 d5 2. c4 dxc4 3. e4 e6 4. Bxc4 c5 5. Nf3 a6 6. Nc3 b5 7. Be2 cxd4 8. Nxd4
Nf6 9. O-O Nbd7 10. Bg5 Be7 11. Rc1 Bb7 12. Bf3 O-O 13. Re1 Rc8 14. e5 Bxf3 15.
Qxf3 Qc7 16. exf6 Ne5 17. Qg3 h6 18. fxe7 Ng6 19. exf8=Q+ Kxf8 20. Qxc7 Rxc7 21.
Be3 Ne5 22. Red1 Nc4 23. Ne4 Nxb2 24. Rxc7 Nxd1 25. Nc6 f5 26. Bc5+ Kg8 27. Nd6
Nc3 28. Bd4 Nd5 29. Rxg7+ Kh8 30. Nf7# {Black checkmated} 1-0

[Event "Team 45 45 League T34"]
[Site "Internet Chess Club"]
[Date "2007.08.04"]
[Round "3"]
[White "mallet"]
[Black "Kingofknights"]
[Result "0-1"]
[WhiteElo "1717"]
[BlackElo "1792"]
[Opening "Caro-Kann: Steinitz variation"]
[ECO "B17"]
[Time "09:57:38"]
[TimeControl "2700+45"]

1. e4 c6 2. d4 d5 3. Nc3 dxe4 4. Nxe4 Nd7 5. Bd3 Ngf6 6. Ng5 e6 7. N1f3 Bd6 8.
Qe2 Qe7 9. Bd2 h6 10. Ne4 Nxe4 11. Qxe4 Nf6 12. Qe2 O-O 13. O-O-O b5 14. Ne5
Bxe5 15. dxe5 Nd5 16. Qe4 f5 17. exf6 Rxf6 18. Qh7+ Kf7 19. h4 Ke8 20. Bg6+ Kd8
21. Bc3 Kc7 22. Bxf6 Nxf6 23. Qh8 Bb7 24. Qxa8 Bxa8 25. Rd2 Nd5 26. g3 Qf6 27.
Be4 Bb7 28. Rhd1 Kb6 29. Kb1 Bc8 30. Bxd5 exd5 31. Re1 Bf5 32. f3 h5 33. Rde2 g5
34. hxg5 Qxg5 35. g4 hxg4 36. fxg4 Qxg4 37. Kc1 Qf4+ 38. Kb1 Be4 39. b3 a5 40.
Kb2 Qf6+ 41. c3 b4 42. Rc1 d4 43. Rxe4 dxc3+ 44. Kb1 Qf2 45. Rc2 Qf1+ {White
resigns} 0-1